 Dungeon Crawl Stone Soup version 0.31-a0-981-geadf994542 (webtiles) character file.

Game seed: 18441224934185097274

541 BinkBink the Changeling (level 7, -1/54 HPs)
             Began as a Merfolk Shapeshifter on Nov 1, 2023.
             Killed from afar by Grinder (7 damage)
             ... with a puff of flame
             ... while paralysed by Grinder
             ... in a sewer.
             The game lasted 00:09:08 (4745 turns).

BinkBink the Changeling (Merfolk Shapeshifter)      Turns: 4745, Time: 00:09:08

Health: -1/54      AC:  1    Str: 15      XL:     7   Next: 26%
Magic:  6/6        EV:  2    Int:  9      God:
Gold:   275        SH:  0    Dex: 11 (15) Spells: 6/6 levels left

rFire   . . .        r - +5 short sword
rCold   . . .        (no shield)
rNeg    . . .        a - +0 animal skin
rPois   .            (helmet currently unavailable)
rElec   .            (cloak currently unavailable)
rCorr   .            (gloves currently unavailable)
SInv    .            (boots currently unavailable)
Will    +....        (no amulet)
Stlth   +            (no ring)
HPRegen 0.29/turn    (no ring)
MPRegen 0.10/turn

%: no passive effects
@: paralysed, beast-form
A: beast (slay +3), (nimble swimmer 2), mertail, deformed body, low MP 1,
strong-willed 1
a: Begin Untransformation


You were in a sewer.
You were a hulking beast.
You visited 1 branch of the dungeon, and saw 5 of its levels.
You also visited: Sewer.

You collected 275 gold pieces.

Inventory:

Hand Weapons
 r - a +5 short sword (weapon)
Missiles
 h - a throwing net
Armour
 a - a +0 animal skin (worn)
 m - a +0 pair of gloves
Jewellery
 s - a ring of magical power
Talismans
 c - a beast talisman (active)
 d - a flux talisman
Wands
 q - a wand of flame (22)
Scrolls
 n - a scroll of fear
 t - a scroll of revelation
 w - a scroll of vulnerability
 x - 2 scrolls of teleportation
Potions
 b - a potion of lignification
 f - a potion of curing
 g - a potion of experience
 j - a potion of berserk rage {unknown}
 k - a potion of haste {unknown}
 l - a potion of degeneration {unknown}
 o - a potion of might {unknown}
 p - a potion of attraction {unknown}
 v - 2 potions of magic {unknown}


   Skills:
 + Level 4.1 Fighting
 + Level 3.4 Short Blades
 + Level 5.6 Dodging
 - Level 3.9 Unarmed Combat
 + Level 6.0 Shapeshifting


You had 6 spell levels left.
You didn't know any spells.
Your spell library contained the following spells:

 Spells                   Type           Power      Damage    Failure   Level
 Freeze                   Ice            0%         1d3       38%         1
 Poisonous Vapours        Pois/Air       0%         N/A       52%         2
 Frozen Ramparts          Ice            0%         1d1       77%         3
 Hailstorm                Conj/Ice       0%         3d3       77%         3
 Anguish                  Hex/Necr       0%         N/A       99%         4
 Animate Dead             Necr           0%         N/A       99%         4
 Olgreb's Toxic Radiance  Pois           0%         N/A       99%         4
 Death Channel            Necr           0%         N/A       100%        6


Dungeon Overview and Level Annotations

Branches:
Dungeon (5/15)              Sewer (1/1)
 Temple: D:4-7

Altars:

Shops:
D:3 (

Annotations:
D:3 3 runed translucent doors, BinkBink's ghost, amateur MfMo; niknal's ghost, amateur TeWr Sewer Grinder


Innate Abilities, Weirdness & Mutations

You are a hulking beast.
Your limbs bulge with bestial killing power. (Slay +3)
((You are very nimble when in or above water. (Stealth+, EV+, Speed+++)))
Your lower body shifts to a powerful aquatic tail in water.
Armour fits poorly on your strangely shaped body.
Your magical capacity is low. (-10% MP)
You are strong-willed. (Will+)


Message History

You feel extremely strange.
You feel clever.
You feel your surroundings grow louder.
You begin to regenerate regardless of the presence of monsters.
You feel clumsy.
Your body twists and deforms.
You feel agile.
You feel strong-willed.
Grinder zaps a wand.
The puff of flame hits you!
Grinder zaps a wand.
The puff of flame hits you.
Grinder zaps a wand.
The puff of flame misses you.
You barely miss Grinder. Grinder hits you.
You barely miss Grinder.
Grinder splashes around in the water.
You barely miss Grinder. Grinder hits you.
You barely miss Grinder. You hit Grinder.
Grinder is lightly wounded.
Grinder gestures at you. Pain shoots through your body!
You hit Grinder.
Grinder is lightly wounded.
Grinder splashes around in the water.
You hit Grinder.
Grinder is lightly wounded.
Grinder zaps a wand.
The puff of flame misses you.
You feel much better.
Grinder zaps a wand.
The puff of flame misses you.
You barely miss Grinder.
Grinder is lightly wounded.
Grinder hits you!
You writhe in agony.
You completely miss Grinder.
Grinder is lightly wounded.
You barely miss Grinder.
Grinder is lightly wounded.
Grinder gestures at you.
You suddenly lose the ability to move!
Grinder hits you!
You writhe in agony.
Grinder hits you!
You writhe in agony.
* * * LOW HITPOINT WARNING * * *
Grinder hits you.
* * * LOW HITPOINT WARNING * * *
Grinder zaps a wand.
The puff of flame hits you!
You die...
Grinder says, "Now the real fun starts!"

#≈≈~#≈≈≈≈≈≈≈..)~~≈≈≈≈≈#
#≈≈≈#≈≈≈≈≈≈≈...#≈≈≈≈≈≈#
#≈≈≈#≈≈≈≈≈≈#...#≈≈≈≈≈≈#
#≈≈≈#≈≈≈≈≈≈#...≈≈≈≈≈≈≈#
#≈≈≈#≈≈≈≈≈~#...#~≈≈≈≈≈#
#~≈≈#≈≈≈≈~≈≈)..#~≈≈≈≈≈#
#≈≈≈#≈≈≈≈≈≈#...#≈≈≈≈≈≈#
#≈≈≈#~≈~≈~...≈.).~≈≈≈≈#
#≈≈.#≈~5h..#≈≈≈#..~~..#
#≈~~#......#≈≈≈#......#
#≈..#'#######≈#######'#
#≈≈~#.....)#...#......#
#≈~.)))~~≈~)....≈≈~~.~#
#≈≈≈#≈≈≈≈≈≈#...#≈~≈≈≈~#
#############)#########
##########...##########
##~~≈~≈≈#...§...#≈≈≈~≈≈#


You could see Grinder.

Vanquished Creatures
  An ogre (D:5)
  A phantom (D:5)
  A kobold brigand (Sewer)
  A scorpion (D:4)
  2 quasits (Sewer)
  Terence (D:2)
  Robin (D:2)
  2 adders
  A shadow imp (Sewer)
  2 ufetubi (Sewer)
  2 worms (D:2)
  A dart slug (D:4)
  9 orcs
  4 endoplasms
  4 giant cockroaches
  14 goblins
  5 hobgoblins
  12 jackals
  3 quokkas
  5 ball pythons
  4 bats
  3 frilled lizards
  18 kobolds
  2 kobold zombies (Sewer)
  4 rats
103 creatures vanquished.

Vanquished Creatures (others)
  An endoplasm (Sewer)
1 creature vanquished.

Grand Total: 104 creatures vanquished

Notes
Turn   | Place    | Note
-------+----------+-------------------------------------------
     0 | D:1      | BinkBink the Merfolk Shapeshifter began the quest for the
                  | Orb.
     0 | D:1      | Reached XP level 1. HP: 15/15 MP: 1/1
   255 | D:1      | Reached XP level 2. HP: 21/21 MP: 2/2
   835 | D:2      | Reached XP level 3. HP: 16/27 MP: 3/3
  1148 | D:2      | Found a faded altar of an unknown god.
  1307 | D:2      | Noticed Terence
  1438 | D:2      | Killed Terence
  1439 | D:2      | Reached XP level 4. HP: 13/33 MP: 4/4
  1587 | D:2      | Noticed Robin
  1604 | D:2      | Killed Robin
  1858 | D:3      | Identified the of Alurosko
  1993 | D:3      | Found a runed translucent gate.
  1993 | D:3      | Found a runed translucent gate.
  1993 | D:3      | Found a runed translucent gate.
  1994 | D:3      | Noticed niknal's ghost (amateur TeWr)
  1994 | D:3      | Noticed BinkBink's ghost (amateur MfMo)
  2255 | D:3      | Found Xazei's Weapon Boutique.
  2294 | D:3      | Reached skill level 1 in Short Blades
  2501 | D:3      | Reached XP level 5. HP: 39/39 MP: 5/5
  3080 | D:4      | Reached skill level 5 in Shapeshifting
  3831 | D:5      | Entered Level 5 of the Dungeon
  3831 | D:5      | Noticed an ogre
  3884 | D:5      | Noticed an ogre
  3896 | D:5      | Killed an ogre
  3897 | D:5      | Reached XP level 6. HP: 13/47 MP: 6/6
  3913 | D:5      | Found a glowing drain.
  3917 | D:5      | Reached skill level 5 in Dodging
  3932 | Sewer    | Entered a sewer
  4060 | Sewer    | Found a burning altar of Makhleb.
  4084 | Sewer    | Reached XP level 7. HP: 27/53 MP: 7/7
  4286 | Sewer    | Reached skill level 6 in Shapeshifting
  4347 | Sewer    | Noticed Grinder
  4450 | Sewer    | Paralysed by Grinder for 4 turns
  4726 | Sewer    | Gained mutation: You are dopey. (Int -2) [potion of
                  | mutation]
  4726 | Sewer    | Gained mutation: Your magical capacity is low. (-10% MP)
                  | [potion of mutation]
  4726 | Sewer    | Gained mutation: You do not regenerate when monsters are
                  | visible. [potion of mutation]
  4726 | Sewer    | Gained mutation: You passively dampen the noise of your
                  | surroundings. [potion of mutation]
  4727 | Sewer    | Lost mutation: You are dopey. (Int -2) [potion of mutation]
  4727 | Sewer    | Lost mutation: You passively dampen the noise of your
                  | surroundings. [potion of mutation]
  4727 | Sewer    | Lost mutation: You do not regenerate when monsters are
                  | visible. [potion of mutation]
  4727 | Sewer    | Gained mutation: You are clumsy. (Dex -2) [potion of
                  | mutation]
  4727 | Sewer    | Gained mutation: Armour fits poorly on your strangely
                  | shaped body. [potion of mutation]
  4727 | Sewer    | Lost mutation: You are clumsy. (Dex -2) [potion of
                  | mutation]
  4727 | Sewer    | Gained mutation: You are strong-willed. (Will+) [potion of
                  | mutation]
  4741 | Sewer    | Paralysed by Grinder for 5 turns
  4745 | Sewer    | Killed from afar by Grinder

Illustrated notes

Levels and vault maps discovered:
D:1:      wander_arrival_peaceful_grave, layout_basic, minmay_misc_feat_iff
D:2:      layout_rooms, nicolae_ecumenical_lake_church, uniq_robin, uniq_terence
D:3:      layout_basic, gammafunk_ghost_cemetery, serial_shops, shop
D:4:      layout_basic
D:5:      layout_basic, minmay_temple_entry_mini_moons,
          cheibrodos_sewer_entry_drain, amcnicky_mini_rare_corridor_liquid,
          minmay_between
Sewer:    kennysheep_sewer_church

Skill      XL: |  1  2  3  4  5  6  7 |
---------------+----------------------+-----
Dodging        | 3 4 5 |  5.6
Fighting       | 2 3 4 |  4.1
Short Blades   | 1 2 3 |  3.4
Shapeshifting  | 5 6 |  6.0
Unarmed Combat | |  3.9

Action                     |  1- 3 |  4- 6 |  7- 9 || total
---------------------------+-------+-------+-------++-------
  Melee: Unarmed           |    92 |    24 |       ||   116
         Punch             |     1 |     3 |       ||     4
         Short sword       |       |   134 |    45 ||   179
         Tailslap          |       |     2 |       ||     2
    Use: Scroll            |       |     9 |     3 ||    12
         Potion            |       |     1 |     3 ||     4
   Stab: Sleeping          |     1 |     2 |       ||     3
 Armour: Animal skin       |    45 |    82 |    35 ||   162
  Dodge: Dodged            |    63 |   129 |    26 ||   218
   Form: Beast             |       |     1 |       ||     1

Table legend: (Time is in decaauts)
 A = Elapsed time spent in this place.
 B = Non-inter-level travel time spent in this place.
 C = Inter-level travel time spent in this place.
 D = Time resting spent in this place.
 E = Time spent auto-exploring this place.
 F = Levels seen in this place.
 G = Mean time per level.
                   A        B        C        D        E       F      G
               +--------+--------+--------+--------+--------+-----+--------+
         Total |   4656 |   4472 |    184 |    972 |   2663 |   6 |  776.0 |
       Dungeon |   3902 |   3718 |    184 |    608 |   2578 |   5 |  780.4 |
         Sewer |    754 |    754 |      0 |    364 |     85 |   1 |  754.0 |
               +--------+--------+--------+--------+--------+-----+--------+

Top non-repeatable levels by time:
     D:3: 1096 daAuts
     D:2: 1025 daAuts
     D:4: 917 daAuts
     D:1: 812 daAuts
   Sewer: 754 daAuts
     D:5: 51 daAuts
